 Dungeon Crawl Stone Soup version 0.29.1-13-g9f3cf754e1 (webtiles) character file.

Game seed: 14072785431799092210

5338 hbarley the Cleaver (level 10, -2/89 HPs)
             Began as a Hill Orc Fighter on Jan 30, 2023.
             Was a Believer of Elyvilon.
             Slain by a white ugly thing (11 damage)
             ... on level 9 of the Dungeon on Jan 31, 2023.
             The game lasted 00:27:04 (11712 turns).

hbarley the Cleaver (Hill Orc Fighter)             Turns: 11712, Time: 00:27:04

Health: -2/89      AC: 13    Str: 22    XL:     10   Next: 65%
Magic:  10/10      EV: 11    Int:  8    God:    Elyvilon [**....]
Gold:   365        SH:  5    Dex: 12    Spells: 9/9 levels left

rFire   . . .      SeeInvis .   D - +0 hand axe (vorpal)
rCold   . . .      Faith    .   c - +0 buckler
rNeg    . . .      Spirit   .   w - +0 scale mail {Will+}
rPois   .          Reflect  .   j - +0 helmet
rElec   .          Harm     .   (no cloak)
rCorr   .          Rampage  .   (no gloves)
Will    +....                   i - +2 pair of boots
Stlth   ..........              (no amulet)
HPRegen 0.24/turn               (no ring)
MPRegen 0.12/turn               (no ring)

@: mighty, hasted, very quick
A: no striking features
a: Renounce Religion, Purification, Heal Other


You were on level 9 of the Dungeon.
You worshipped Elyvilon.
Elyvilon was pleased with you.
You visited 2 branches of the dungeon, and saw 10 of its levels.
You also visited: Ossuary.

You collected 365 gold pieces.

Inventory:

Hand Weapons
 a - a +0 war axe
 D - a +0 vorpal hand axe (weapon)
Armour
 b - a +0 scale mail
 c - a +0 buckler (worn)
 e - a +0 chain mail
 i - a +2 pair of boots (worn)
 j - a +0 helmet (worn)
 w - a +0 scale mail of willpower (worn)
 L - +0 steam dragon scales
Jewellery
 m - a ring of wizardry
Wands
 d - a wand of polymorph (8)
 y - a wand of roots (14)
 B - a wand of flame (1)
 N - a wand of paralysis (3)
 O - a wand of light (7)
Scrolls
 f - 5 scrolls of vulnerability
 g - 4 scrolls of teleportation
 h - 4 scrolls of poison {unknown}
 k - a scroll of enchant weapon {unknown}
 l - 4 scrolls of immolation
 n - 9 scrolls of identify
 o - 3 scrolls of enchant armour {unknown}
 r - 3 scrolls of fear {unknown}
 s - 2 scrolls of butterflies {unknown}
 t - a scroll of torment {unknown}
 x - 2 scrolls of amnesia {unknown}
 C - 2 scrolls of magic mapping {unknown}
 E - 2 scrolls of blinking {unknown}
 I - a scroll of noise {unknown}
 M - a scroll of acquirement {unknown}
Potions
 p - 5 potions of lignification
 q - 2 potions of brilliance
 u - a potion of curing
 v - a potion of cancellation {unknown}
 z - 2 potions of haste
 A - a potion of heal wounds {unknown}
 F - 2 potions of resistance {unknown}
 H - 2 potions of ambrosia {unknown}
 J - 2 potions of attraction {unknown}
 K - a potion of berserk rage {unknown}


   Skills:
 + Level 8.3 Fighting
 + Level 12.5 Axes
 + Level 8.7 Armour
 + Level 3.9 Dodging
 + Level 0.8 Stealth
 + Level 7.0 Shields
 + Level 0.7 Evocations


You had 9 spell levels left.
You didn't know any spells.
Your spell library contained the following spells:

 Spells                   Type           Power      Damage    Failure   Level
 Necrotise                Necr           0%         1d4       77%         1
 Shock                    Conj/Air       0%         1d3       77%         1
 Summon Small Mammal      Summ           0%         N/A       77%         1
 Call Canine Familiar     Summ           0%         N/A       98%         3
 Gell's Gravitas          Tloc           0%         N/A       98%         3
 Lesser Beckoning         Tloc           0%         N/A       98%         3
 Summon Guardian Golem    Hex/Summ       0%         N/A       98%         3
 Swiftness                Air            0%         N/A       98%         3
 Teleport Other           Tloc           0%         N/A       98%         3
 Vampiric Draining        Necr           0%         2d6       98%         3
 Airstrike                Air            0%         2d(0-16)  100%        4
 Agony                    Necr           0%         N/A       100%        5
 Fireball                 Conj/Fire      0%         3d3       100%        5
 Iskenderun's Battlesphe  Conj           0%         2d6       100%        5
 Conjure Ball Lightning   Conj/Air       0%         3x3d6     100%        6
 Orb of Destruction       Conj           0%         9d5       100%        7


Dungeon Overview and Level Annotations

Branches:
Dungeon (9/15)             Temple (1/1) D:6         Ossuary (visited)
   Lair: D:8-11         Orc: D:9-12

Altars:
Ashenzari
Dithmenos
Elyvilon
Fedhas
Hepliaklqana
Makhleb
Nemelex Xobeh
Qazlal
Ru
Trog
Uskayaw
Vehumet
Wu Jian
Xom
Zin
The Shining One

Shops:
D:3 *


Message History

Aim: a green ugly thing (lightly wounded, 68% to hit)
The puff of flame hits the green ugly thing.
The green ugly thing is lightly wounded.
Aiming: Polymorph
Press: ? - help, Q - select action, (/) - cycle Shift-Dir - straight line, f/p - green ugly thing
Aim: a green ugly thing (lightly wounded, will change colour)
The green ugly thing basks in the mutagenic energy and changes!
You closely miss the white ugly thing.
The white ugly thing is lightly wounded.
You completely miss the white ugly thing.
The white ugly thing is lightly wounded.
The white ugly thing tail-slaps you. The white ugly thing freezes you!!
You feel better.
The white ugly thing tail-slaps you but does no damage.
Really quaff the potion of lignification?
Okay, then.
You feel very mighty all of a sudden.
The white ugly thing closely misses you.
You feel yourself speed up. The white ugly thing tail-slaps you.
The white ugly thing freezes you!!
You hit the white ugly thing.
The white ugly thing is moderately wounded.
The white ugly thing tail-slaps you but does no damage.
You closely miss the white ugly thing.
The white ugly thing is moderately wounded.
You closely miss the white ugly thing.
The white ugly thing is moderately wounded.
The white ugly thing tail-slaps you but does no damage.
You slash the white ugly thing!
The white ugly thing is heavily wounded.
You completely miss the white ugly thing.
The white ugly thing is heavily wounded.
The white ugly thing tail-slaps you! The white ugly thing freezes you!!
* * * LOW HITPOINT WARNING * * *
You slash the white ugly thing!
The white ugly thing is severely wounded.
You hit the white ugly thing.
The white ugly thing is severely wounded.
The white ugly thing tail-slaps you!
You die...

# # ## ## ~## .# ≈##~# ..##
≈#~# .. ...# #.#
##.#####..# #.# ..........#
##'# ......u...# #######...
#@..# #.....#..#
#...#####.....#[##
#...#...+.......##
#...#.###.........
#######...#.# #.....#...
........##.###.........
.####.#...................
...#.....................
##.
#.##.#...........##.###....


You could see a white ugly thing.

Vanquished Creatures
  Pikel (D:7)
  Grinder (D:4)
  A hornet (D:7)
  A shadow (D:9)
  6 yaks (D:8)
  A steam dragon (D:8)
  Edmund (D:4)
  3 water moccasins
  An orc warrior (D:8)
  3 sky beasts
  4 black bears
  An ice beast (D:7)
  An ogre (D:6)
  5 phantoms
  2 centaurs
  3 kobold brigands
  2 bullfrogs
  A necrophage (D:5)
  3 scorpions
  A howler monkey (D:7)
  A jelly (D:5)
  4 orc priests
  2 hounds
  Terence (D:3)
  4 iguanas
  6 orc wizards
  13 mummies (Ossuary)
  A gnoll (D:1)
  9 adders
  A shadow imp (D:8)
  2 white imps
  An ufetubus (D:6)
  2 worms (D:2)
  4 dart slugs
  19 orcs
  4 endoplasms
  2 giant cockroaches
  3 goblins
  8 hobgoblins
  4 jackals (D:3)
  5 quokkas
  9 ball pythons
  2 bats
  5 frilled lizards
  5 gnoll skeletons (Ossuary)
  2 goblin skeletons (Ossuary)
  17 kobolds
  A kobold skeleton (Ossuary)
  3 rats
  11 rat skeletons (Ossuary)
193 creatures vanquished.

Vanquished Creatures (others)
  7 fungi (D:4)
  3 plants
10 creatures vanquished.

Grand Total: 203 creatures vanquished

Notes
Turn   | Place    | Note
-------+----------+-------------------------------------------
     0 | D:1      | hbarley the Hill Orc Fighter began the quest for the Orb.
     0 | D:1      | Reached XP level 1. HP: 19/19 MP: 1/1
   292 | D:1      | Found a faded altar of an unknown god.
   385 | D:1      | Reached XP level 2. HP: 17/27 MP: 2/2
   809 | D:1      | Reached XP level 3. HP: 33/33 MP: 3/3
  1256 | D:2      | Reached skill level 3 in Axes
  1466 | D:2      | Reached XP level 4. HP: 40/40 MP: 4/4
  1732 | D:2      | Found a burning altar of Makhleb.
  2108 | D:3      | Identified the +5 spear of Dismay {freeze, rN++}
  2262 | D:3      | Reached skill level 4 in Axes
  2323 | D:3      | Found Jahain's Assorted Antiques.
  2543 | D:3      | Noticed Terence
  2567 | D:3      | Killed Terence
  2568 | D:3      | Reached XP level 5. HP: 33/47 MP: 5/5
  3326 | D:4      | Reached skill level 5 in Axes
  3330 | D:4      | Reached XP level 6. HP: 16/55 MP: 6/6
  3554 | D:4      | Noticed Edmund
  3581 | D:4      | Killed Edmund
  3582 | D:4      | Reached skill level 5 in Fighting
  3909 | D:4      | Reached skill level 6 in Axes
  3909 | D:4      | Reached skill level 5 in Armour
  3909 | D:4      | Reached XP level 7. HP: 37/61 MP: 7/7
  4225 | D:4      | Noticed Grinder
  4242 | D:4      | Killed Grinder
  4243 | D:4      | Reached skill level 7 in Axes
  4694 | D:5      | Entered Level 5 of the Dungeon
  4864 | D:5      | Found a shimmering altar of Xom.
  4953 | D:5      | Reached skill level 8 in Axes
  4953 | D:5      | Reached skill level 1 in Dodging
  4953 | D:5      | Reached XP level 8. HP: 43/70 MP: 8/8
  5118 | D:5      | Reached skill level 5 in Shields
  6172 | D:6      | Reached skill level 9 in Axes
  6438 | D:6      | Found a faded altar of an unknown god.
  6438 | D:6      | Found a faded altar of an unknown god.
  6438 | D:6      | Found a hazy altar of Hepliaklqana.
  6451 | D:6      | Found a faded altar of an unknown god.
  6758 | D:6      | Found a staircase to the Ecumenical Temple.
  6766 | D:6      | Found a hide-covered altar of Uskayaw.
  6771 | Temple   | Entered the Ecumenical Temple
  6899 | Temple   | Became a worshipper of Elyvilon the Healer
  7033 | D:6      | Found a blossoming altar of Fedhas.
  7068 | D:6      | Reached XP level 9. HP: 67/75 MP: 9/9
  7298 | D:6      | Reached skill level 10 in Axes
  7565 | D:7      | Noticed a hornet
  7580 | D:7      | Killed a hornet
  7584 | D:7      | HP: 2/75 [scorpion (3)]
  7585 | D:7      | Elyvilon protects you from harm!
  8070 | D:7      | Found a glowing golden altar of the Shining One.
  8101 | D:7      | Found a sand-covered staircase.
  8128 | Ossuary  | Entered an ossuary
  8851 | D:7      | Reached skill level 11 in Axes
  9090 | D:7      | Noticed Pikel
  9107 | D:7      | Killed Pikel
  9108 | D:7      | Reached XP level 10. HP: 80/86 MP: 10/10
  9579 | D:7      | Reached * piety under Elyvilon
  9878 | D:8      | Reached skill level 12 in Axes
 10488 | D:8      | Reached ** piety under Elyvilon
 11697 | D:9      | Noticed a green ugly thing
 11712 | D:9      | Slain by a white ugly thing

Illustrated notes

Levels and vault maps discovered:
D:1:      spicycebolla_green_bress_n_ham, layout_basic,
          hellmonk_ecumenical_altar_run_dry, minmay_misc_feat_ornament
D:2:      layout_basic, basic_altar
D:3:      layout_loops_corners, serial_shops, nicolae_shop_overgrown_old_shop,
          uniq_terence
D:4:      layout_basic, dreamdust_mushroom_princess, kennysheep_another_room,
          uniq_grinder, uniq_edmund
D:5:      layout_layer_cave, mainiacjoe_overflow_concentric_impassable,
          dk_noncrumbling_4
D:6:      layout_loops_corners, nicolae_hepliaklqana_ecumenical_no_more,
          eat_drink_and_be_merry_uskayaw, overflow_temple_1_default,
          minmay_temple_entry_overgrown
D:7:      layout_loops_ring, mainiacjoe_overflow_brackets, enter_ossuary_1,
          uniq_pikel
D:8:      layout_cave_pods
D:9:      cheibrodos_two_vegetables, layout_basic, yredelemnul_altar_generic,
          nzn_life_drinkers
Temple:   jpeg_temple_clearing

Skill      XL: |  1  2  3  4  5  6  7  8  9 10 |
---------------+-------------------------------+-----
Fighting       | 4 5 6 7 8 |  8.3
Axes           | 3 4 5 6 8 9 11 12 | 12.5
Armour         | 4 5 6 7 8 |  8.7
Shields        | 4 5 6 7 |  7.0
Dodging        | 1 2 3 |  3.9
Stealth        | |  0.8
Evocations     | |  0.7

Action                   |  1- 3 |  4- 6 |  7- 9 | 10-12 || total
-------------------------+-------+-------+-------+-------++-------
Melee: War axe           |    83 |   170 |   136 |       ||   389
       Hand axe          |       |       |   302 |   192 ||   494
Evoke: Wand              |       |       |     5 |     3 ||     8
  Use: Potion            |       |     1 |     2 |     5 ||     8
       Scroll            |       |       |       |     5 ||     5
Armor: Chain mail        |    56 |    71 |       |       ||   127
       Scale mail        |       |    44 |   171 |    50 ||   265
Dodge: Dodged            |    17 |    58 |   148 |    64 ||   287
Block: Buckler           |    11 |    41 |    96 |    30 ||   178
